 Dungeon Crawl Stone Soup version 0.21.1-1-g345015f (webtiles) character file.

11 inc the Sneak (level 2, -2/11 HPs)
             Began as a Felid Ice Elementalist on Feb 20, 2018.
             Slain by a gnoll
             ... wielding a +0 flail
              (9 damage)
             ... on level 1 of the Dungeon.
             The game lasted 00:01:38 (1031 turns).

inc the Sneak (Felid Ice Elementalist)              Turns: 1031, Time: 00:01:39

Health: -2/11      AC:  1    Str:  4    XL:     2   Next: 17%
Magic:  5/6        EV: 18    Int: 16    God:
Gold:   40         SH:  0    Dex: 16    Spells: 4/5 levels left
                                        Lives:  0   Deaths: 0

rFire    . . .     SeeInvis +   (weapon unavailable)
rCold    . . .     Gourm    .   (shield unavailable)
rNeg     . . .     Faith    .   (armour unavailable)
rPois    +         Spirit   .   (helmet unavailable)
rElec    .         Reflect  .   (cloak unavailable)
rCorr    .         Harm     .   (gloves unavailable)
MR       .....                  (boots unavailable)
Stlth    +++.......             (no amulet)
HPRegen  0.03/turn              g - ring of poison resistance (curse)
MPRegen  0.10/turn              (no ring)

@: very slightly contaminated, quick
A: very small, no armour, no weapons or thrown items, stealth, claws 1, fangs 3,
see invisible, carnivore, speed 1, shaggy fur 1, slow metabolism 1, sharp paws
a: no special abilities


You were on level 1 of the Dungeon.
You were not hungry.

You visited 1 branch of the dungeon, and saw 2 of its levels.

You collected 40 gold pieces.

Inventory:

Jewellery
 g - a cursed ring of poison resistance (left paw)
Scrolls
 e - a scroll of fear {unknown}
 f - 2 scrolls of identify {unknown}
 h - a scroll of teleportation {unknown}
 i - a scroll of noise {unknown}
Potions
 c - 2 potions of degeneration {unknown}
 d - a potion of berserk rage {unknown}
Books
 a - a book of Frost

   Spells                             Type                      Level
   a - Freeze                         Ice                          1
   b - Throw Frost                    Conjuration/Ice              2
   c - Ozocubu's Armour               Charms/Ice                   3
   d - Throw Icicle                   Conjuration/Ice              4
   e - Summon Ice Beast               Ice/Summoning                4
Comestibles
 b - 2 rations


   Skills:
 + Level 2.8 Dodging
 + Level 3.1 Stealth
 + Level 2.2 Spellcasting
   Level 0.8 Conjurations
 + Level 3.0 Ice Magic


You had 4 spell levels left.
You knew the following spells:

 Your Spells              Type           Power        Failure   Level  Hunger
a - Freeze                Ice            ##..         6%          1    #......


Dungeon Overview and Level Annotations

Branches:
Dungeon (2/15)

Altars:


Innate Abilities, Weirdness & Mutations

You cannot wear armour.
You are incapable of wielding weapons or throwing items.
Your paws allow you to move quietly. (Stealth)
You have sharp claws.
You have razor-sharp teeth.
You have supernaturally acute eyesight. (SInv)
You are carnivorous and can eat meat at any time.
You cover ground quickly.
You are covered in fur. (AC +1)
You have a slow metabolism.
Your sharp claws are effective at attacking unaware monsters.


Message History

The gnoll is severely wounded.
The gnoll misses you.
The gnoll shouts!
Casting: Freeze
Confirm with . or Enter, or press ? or * to list all spells.
Aiming: Freeze
Press: ? - help, Shift-Dir - straight line, f - gnoll
Aim: a gnoll, wielding a spear (severely wounded)
You miscast Freeze.
You are very lightly contaminated with residual magic.
Frost covers your body.
The kobold shouts!
The gnoll shouts! x2
The gnoll misses you.
The kobold moves out of view.
The gnoll misses you.
A bat comes into view.
The gnoll barely misses you. The gnoll hits you with a spear.
You climb upwards.
There is a stone staircase leading down here.
The gnoll hits you with a spear. The gnoll hits you with a flail!
Ouch! That really hurt!
You die...

#.# #..... #.# #.#### ######
##.## #.# .....####.#.#####
###.#### .........###....#
#.......
.###.####.#.###.##########.#.###.
.###.#####.................#.# #.
...........####g###..........# #.
..............g.@...#.######.# ##
.##..#####.####g.............# #
.##..#####.# ######.#######.####
...........#########.#...........
.##..#######............####.#...
.##..#######...#####.##.##.......
...............# #รท##.##.###..#
#######........# #.##.##.# #..#
##########.....# #.[.....###...


You could see 3 gnolls.

Vanquished Creatures
  A dart slug (D:1)
  A leopard gecko (D:1)
  2 bats (D:1)
  2 goblins (D:1)
  A hobgoblin (D:1)
  A kobold (D:1)
8 creatures vanquished.

Notes
Turn   | Place    | Note
-------+----------+-------------------------------------------
     0 | D:1      | inc the Felid Ice Elementalist began the quest for the Orb.
     0 | D:1      | Reached XP level 1. HP: 7/7 MP: 4/4
   256 | D:1      | Reached XP level 2. HP: 3/11 MP: 0/6
  1031 | D:1      | Slain by a gnoll

Skill      XL: |  1 |
---------------+----+-----
Stealth        | 3 |  3.1
Ice Magic      | 3 |  3.0
Dodging        | |  2.8
Spellcasting   | |  2.2
Conjurations   | |  0.8

Action                   || total
-------------------------++-------
Melee: Unarmed           ||     3
 Cast: Freeze            ||    11
 Stab: Sleeping          ||     3
  Eat: Chunk             ||     3
Dodge: Dodged            ||    15
